 Dungeon Crawl Stone Soup version 0.28-a0-563-gf77a47075d (webtiles) character file.

Game seed: 4522772686838816461

684 lunkers the Ruffian (level 7, -9/56 (71) HPs)
             Began as a Troll Cinder Acolyte on Sept 30, 2021.
             Was a High Priest of Ignis.
             Mangled by a wight (14 damage)
             ... on level 3 of the Dungeon.
             The game lasted 00:06:49 (3019 turns).

lunkers the Ruffian (Troll Cinder Acolyte)          Turns: 3019, Time: 00:06:49

HP:   -9/56 (71)    AC:  4    Str: 23    XL:     7   Next: 35%
MP:   7/7           EV:  9    Int: 10    God:    Ignis [*****.]
Gold: 124           SH:  0    Dex:  9    Spells: 8/8 levels left

rFire   + . .      SeeInvis .     - Unarmed
rCold   . . .      Faith    .   (no shield)
rNeg    . . .      Spirit   .   a - +0 robe
rPois   .          Reflect  .   (helmet restricted)
rElec   .          Harm     .   (no cloak)
rCorr   .          Rampage  .   (gloves unavailable)
Will    .....      Rnd*Tele +   (boots unavailable)
Stlth   +.........              (no amulet)
HPRegen 1.18/turn               (no ring)
MPRegen 0.10/turn               (no ring)

@: heavily drained
A: large, unfitting armour, claws 3, regeneration 1, shaggy fur 1, tough skin 1,
horns 1, agile 1, teleportitis 1
a: Renounce Religion, Sea of Fire, Foxfire Swarm, Rising Flame


You were on level 3 of the Dungeon.
You worshipped Ignis.
Ignis was extremely pleased with you.
You visited 1 branch of the dungeon, and saw 4 of its levels.

You collected 124 gold pieces.

Inventory:

Missiles
 c - 67 stones (quivered)
 l - 3 boomerangs
Armour
 a - a +0 robe (worn)
Jewellery
 i - a ring of wizardry
Wands
 j - a wand of polymorph (7)
Scrolls
 b - 2 scrolls of enchant weapon {unknown}
 d - a scroll of teleportation {unknown}
 h - a scroll of magic mapping {unknown}
 k - a scroll of fog {unknown}
 m - a scroll of enchant armour {unknown}
 n - a scroll of identify {unknown}
 p - a scroll of summoning {unknown}
 q - a scroll of noise {unknown}
Potions
 e - 2 potions of mutation
 f - 2 potions of curing
 g - 2 potions of flight {unknown}
 o - a potion of ambrosia {unknown}


   Skills:
 + Level 4.5 Fighting
 * Level 7.3 Unarmed Combat
 - Level 1.0 Spellcasting
 - Level 2.1 Fire Magic


You had 8 spell levels left.
You didn't know any spells.
Your spell library contained the following spells:

 Spells                   Type           Power      Damage    Failure   Level
 Scorch                   Fire           8%         2d5       22%         2
 Summon Small Mammal      Summ           0%         N/A       34%         1
 Call Canine Familiar     Summ           0%         N/A       71%         3
 Ozocubu's Armour         Ice            0%         N/A       71%         3
 Summon Guardian Golem    Hex/Summ       0%         N/A       71%         3
 Ozocubu's Refrigeration  Ice            0%         4d5       100%        7


Dungeon Overview and Level Annotations

Branches:
Dungeon (4/15)
 Temple: D:4-7

Altars:
Fedhas
Gozag


Innate Abilities, Weirdness & Mutations

You are too large for most types of armour.
You have claws for hands.
Your natural rate of healing is unusually fast.
You are covered in fur. (AC +1)
You have tough skin. (AC +1)
You have a pair of small horns on your head.
You are agile. (Dex +2)
You are occasionally teleported next to monsters.


Message History

You feel drained.
* * * LOW HITPOINT WARNING * * *
You closely miss the wight. The wight hits you with a +0 spear.
* * * LOW HITPOINT WARNING * * *
You feel drained.
* * * LOW HITPOINT WARNING * * *
The wight closely misses you.
There is a stone staircase leading up here.
The wight hits you from afar with a +0 spear.
* * * LOW HITPOINT WARNING * * *
You feel drained.
You climb upwards.
There is a stone staircase leading down here.
You start resting.
HP restored.
You climb downwards.
The wight hits you with a +0 morningstar!
There is a stone staircase leading up here.
The wight closely misses you. x2
You scratch the wight but do no damage. Your headbutt misses the wight.
The wight hits you from afar with a +4 halberd!
You feel drained.
* * * LOW HITPOINT WARNING * * *
The wight barely misses you.
The wight hits you with a +0 morningstar!
* * * LOW HITPOINT WARNING * * *
You feel drained.
* * * LOW HITPOINT WARNING * * *
There is a stone staircase leading up, spattered with blood here.
The wight hits you from afar with a +4 halberd!
* * * LOW HITPOINT WARNING * * *
You feel drained.
* * * LOW HITPOINT WARNING * * *
The wight completely misses you.
You climb upwards.
There is a stone staircase leading down here.
You closely miss the wight. You headbutt the wight!
The wight is heavily damaged.
The wight hits you with a +0 morningstar!
You die...

#.#..#.##### ##..####.#
##.#.#)#### #..####.#
..........# ###....##.#
###).####.#########.......#.#
......).)))#.....##.#.##..#.#
......#.#..#.....##.#.......#
.....###...).....##.##....###
......#.#..#....z##.##.##.#
.....>.....#....@##.##.##.#
#####......########....)..#
###.#### ####.#### #.# #.#
#.# #.# #.# ############.#
#.###............#
#.....############ #######


You could see a wight.

Vanquished Creatures
  Sigmund (D:4)
  The ghost of speeev33 the Covered, an amateur GrFi (D:3)
  A scorpion (D:4)
  A centaur zombie (D:3)
  An orc priest (D:3)
  2 hounds
  Jessica (D:2)
  Terence (D:2)
  An orc wizard (D:3)
  Robin (D:3)
  4 gnolls (D:2)
  7 adders
  An adder skeleton (D:4)
  2 worms
  2 dart slugs
  8 orcs
  4 ball pythons
  2 bats
  8 endoplasms
  3 giant cockroaches
  11 goblins
  7 hobgoblins
  2 quokkas
  3 frilled lizards
  4 kobolds
  4 rats
83 creatures vanquished.

Notes
Turn   | Place    | Note
-------+----------+-------------------------------------------
     0 | D:1      | lunkers the Troll Cinder Acolyte began the quest for the
                  | Orb.
     0 | D:1      | Reached XP level 1. HP: 22/22 MP: 1/1
     1 | D:1      | Noticed an octopode
     3 | D:1      | Noticed an octopode
     5 | D:1      | Noticed a spriggan
     6 | D:1      | Noticed a minotaur skeleton
    17 | D:1      | Noticed a felid
   143 | D:1      | Reached XP level 2. HP: 29/29 MP: 2/2
   161 | D:1      | You fall into a shaft and drop 1 floor!
   321 | D:2      | Noticed Terence
   328 | D:2      | Killed Terence
   329 | D:2      | Reached skill level 4 in Unarmed Combat
   329 | D:2      | Reached XP level 3. HP: 24/36 MP: 3/3
   472 | D:2      | Noticed Jessica
   477 | D:2      | Killed Jessica
   478 | D:2      | Reached XP level 4. HP: 31/45 MP: 4/4
  1418 | D:2      | Reached skill level 5 in Unarmed Combat
  1524 | D:2      | Reached XP level 5. HP: 51/53 MP: 5/5
  2048 | D:3      | Found a runed translucent door.
  2091 | D:3      | Reached XP level 6. HP: 48/62 MP: 6/6
  2134 | D:3      | Noticed Robin
  2138 | D:3      | Killed Robin
  2139 | D:3      | Reached skill level 6 in Unarmed Combat
  2380 | D:3      | Found an opulent altar of Gozag.
  2392 | D:3      | Found a blossoming altar of Fedhas.
  2699 | D:3      | Noticed speeev33's ghost (amateur GrFi)
  2774 | D:3      | Killed speeev33's ghost
  2831 | D:4      | Noticed Sigmund
  2843 | D:4      | Gained mutation: You are occasionally teleported next to
                  | monsters. [potion of mutation]
  2843 | D:4      | Gained mutation: You are agile. (Dex +2) [potion of
                  | mutation]
  2843 | D:4      | Gained mutation: You have a pair of small horns on your
                  | head. [potion of mutation]
  2863 | D:4      | Killed Sigmund
  2864 | D:4      | Reached skill level 7 in Unarmed Combat
  2864 | D:4      | Reached XP level 7. HP: 68/71 MP: 7/7
  3017 | D:4      | HP: 2/56 [wight (5)]
  3019 | D:3      | Mangled by a wight

Illustrated notes

Levels and vault maps discovered:
D:1:      shiori_arrival_whats_in_store_for_you, layout_basic
D:2:      layout_loops_corners, uniq_jessica, uniq_terence
D:3:      layout_loops_cross, amethyst_overflow_temple_binary,
          ebering_ghost_sewer_d, uniq_robin
D:4:      layout_loops_ring, uniq_sigmund

Skill      XL: |  1  2  3  4  5  6 |
---------------+-------------------+-----
Unarmed Combat | 4 5 7 |  7.3
Fighting       | 3 4 |  4.5
Spellcasting   | |  1.0
Fire Magic     | |  2.1

Action                   |  1- 3 |  4- 6 |  7- 9 || total
-------------------------+-------+-------+-------++-------
Melee: Unarmed           |    51 |   165 |    16 ||   232
       Punch             |       |     4 |       ||     4
       Headbutt          |       |       |     3 ||     3
Throw: Stone             |    38 |    45 |     2 ||    85
  Use: Potion            |       |     3 |       ||     3
Armor: Robe              |    16 |    62 |     3 ||    81
       Skin              |       |     2 |       ||     2
Dodge: Dodged            |    18 |    76 |    12 ||   106

Table legend: (Time is in decaauts)
 A = Elapsed time spent in this place.
 B = Non-inter-level travel time spent in this place.
 C = Inter-level travel time spent in this place.
 D = Time resting spent in this place.
 E = Time spent auto-exploring this place.
 F = Levels seen in this place.
 G = Mean time per level.
                   A        B        C        D        E       F      G
               +--------+--------+--------+--------+--------+-----+--------+
         Total |   3015 |   2914 |    101 |     62 |   2192 |   4 |  753.8 |
       Dungeon |   3015 |   2914 |    101 |     62 |   2192 |   4 |  753.8 |
               +--------+--------+--------+--------+--------+-----+--------+

Top non-repeatable levels by time:
     D:2: 1095 daAuts
     D:1: 909 daAuts
     D:3: 839 daAuts
     D:4: 171 daAuts
